AoeStats
← dizzygreenman

Golden Pit

509799013Analyzed
1v1 RM · 5d ago on Sep 28, 2026· 40m 4s· 2 players
Game mode
Random Map
Map size
Tiny (2 player)
Population
200
Speed
Normal
Resources
Standard
Victory
Conquest
Starting age
Dark Age
Ending age
Imperial Age
RankedLock teamsTeams togetherTeam positionsShared explorationLock speedFull tech treeHidden civsTurbo modeCheats
Victory
Defeat
🇧🇷 Slavs · Brazil
480
+5
🇺🇸 Teutons · United States
169
-5
dizzygreenman
12:41 Feudal Age
11:58 Loom
13:34 Double-Bit Axe
16:14 Horse Collar
31:56 Forging
31:47 Scale Mail Armor
31:48 Padded Archer Armor
36:49 Castle Age
34:21 Man-at-Arms
36:20 Arson
38:16 Long Swordsman
39:00 Squires
39:22 Gambesons
40:13 Chain Mail Armor
vortic
0:42 Loom
10:25 Feudal Age
10:52 Double-Bit Axe
10:49 Horse Collar
18:14 Gold Mining
19:51 Stone Mining
24:29 Castle Age
23:05 Bloodlines
25:46 Bow Saw
25:38 Heavy Plow
26:18 Gold Shaft Mining
26:29 Husbandry
25:50 Light Cavalry
33:38 Squires
32:59 Man-at-Arms
33:37 Elite Skirmisher
34:21 Long Swordsman
40:13 Imperial Age
Connection lost

Rejoining the realm…

Still unreachable

The connection could not be restored.

Session expired

The server has moved on; the page needs a fresh start.